 Dungeon Crawl Stone Soup version 0.19.5 (webtiles) character file.

91 JeffiDaFish the Ducker (level 4, 0/20 HPs)
             Began as a Spriggan Monk on Oct 23, 2017.
             Slain by an adder (1 damage)
             ... on level 3 of the Dungeon.
             The game lasted 00:07:10 (2285 turns).

JeffiDaFish the Ducker (Spriggan Monk)              Turns: 2285, Time: 00:07:11

Health: 0/20       AC:  0    Str:  7    XL:     4   Next: 33%
Magic:  5/5        EV: 21    Int: 11    God:
Gold:   73         SH:  0    Dex: 19    Spells: 0 memorised, 3 levels left

rFire  . . .     SeeInvis +     a - +0 short sword
rCold  . . .     Gourm    .     b - +0 robe
rNeg   . . .     Faith    .     (shield restricted)
rPois  .         Spirit   .     (helmet restricted)
rElec  .         Reflect  .     (no cloak)
rCorr  .         Harm     .     (gloves unavailable)
MR     .....                    (boots unavailable)
Stlth  +++.......               (no amulet)
                                (no ring)
                                e - -2 ring of protection (curse)

@: lethally poisoned (0 -> -15), very quick
A: unfitting armour, antennae 1, see invisible, herbivore 3, speed 3, frail 1,
slow metabolism 2, MP-powered wands
a: no special abilities


You were on level 3 of the Dungeon.
You were not hungry.

You visited 1 branch of the dungeon, and saw 3 of its levels.

You collected 73 gold pieces.

Inventory:

Hand Weapons
 a - a +0 short sword (weapon)
Armour
 b - a +0 robe (worn)
Jewellery
 e - a cursed -2 ring of protection (left hand)
Scrolls
 g - 2 scrolls of identify
Books
 i - a book of Misfortune

   Spells                             Type                      Level
   a - Confusing Touch                Hexes                        1
   b - Confuse                        Hexes                        3
   c - Gell's Gravitas                Hexes/Translocation          3
   d - Petrify                        Transmutation/Earth          4
   e - Metabolic Englaciation         Hexes/Ice                    5
   f - Yara's Violent Unravelling     Hexes/Transmutation          5
Comestibles
 c - 3 bread rations
 d - a royal jelly
 f - 4 fruits
 h - a slice of pizza


   Skills:
 + Level 2.7 Fighting
 + Level 4.6 Short Blades
 * Level 5.1 Dodging
 * Level 3.9 Stealth


You had 3 spell levels left.
You didn't know any spells.

Dungeon Overview and Level Annotations

Branches:
Dungeon (3/15)

Altars:


Innate Abilities, Weirdness & Mutations

You are very small and have problems with some larger weapons.
You are too small for most types of armour.
You have supernaturally acute eyesight. (SInv)
You are a herbivore.
You cover ground extremely quickly.
You need consume almost no food.
You have a pair of small antennae on your head.
You are frail. (-10% HP)
You expend magic power (3 MP) to strengthen your wands.


Message History

The adder is moderately wounded.
You feel sick. The adder completely misses you.
You hit the adder.
The adder is heavily wounded.
* * * LOW HITPOINT WARNING * * *
You feel sick. The adder bites you.
* * * LOW HITPOINT WARNING * * *
You are more poisoned.
The adder poisons you!
You hit the adder.
You kill the adder!
* * * LOW HITPOINT WARNING * * *
You feel sick. The adder completely misses you.
You closely miss the adder.
* * * LOW HITPOINT WARNING * * *
You feel sick. The adder closely misses you.
You closely miss the adder.
* * * LOW HITPOINT WARNING * * *
You feel sick. The adder bites you.
You die...

.....#.# #.# ...
#.# #.# ... #.#
#.# ... #.# ..#
#.# #.# ### #l#
#.# #)###.#
##.#.#.#######
#...>...†S@..#
##.#!#.#######
#.......#
....#.#.#.##
.........S.#
.....#.#.#.##
...$.%......#
.....#.#.#.##
..#+.............


You could see an adder.

Vanquished Creatures
  3 adders
  A gnoll (D:1)
  An ooze (D:2)
  A dart slug (D:1)
  A worm (D:2)
  2 leopard geckos
  A ball python (D:1)
  5 bats
  A giant cockroach (D:3)
  4 goblins
  5 hobgoblins
  3 jackals (D:2)
  A quokka (D:2)
  3 frilled lizards
  9 kobolds
  6 rats
47 creatures vanquished.

Vanquished Creatures (others)
  5 toadstools (D:1)
5 creatures vanquished.

Grand Total: 52 creatures vanquished

Notes
Turn   | Place    | Note
-------+----------+-------------------------------------------
     0 | D:1      | JeffiDaFish the Spriggan Monk began the quest for the Orb.
     0 | D:1      | Reached XP level 1. HP: 11/11 MP: 2/2
    90 | D:1      | Reached XP level 2. HP: 13/16 MP: 3/3
   485 | D:1      | Reached XP level 3. HP: 19/19 MP: 4/4
   737 | D:2      | Gained mutation: You are frail. (-10% HP) [potion of mutation]
   737 | D:2      | Gained mutation: You expend magic power (3 MP) to strengthen your wands. [potion of mutation]
   737 | D:2      | Gained mutation: You have a pair of small antennae on your head. [potion of mutation]
   991 | D:2      | Reached skill level 5 in Dodging
  1390 | D:2      | Reached XP level 4. HP: 5/20 MP: 5/5
  2285 | D:3      | HP: 1/20 [poisoned by an adder]
  2285 | D:3      | Slain by an adder

Skill      XL: |  1  2  3 |
---------------+----------+-----
Short Blades   | 4 |  4.6
Dodging        | 5 |  5.1
Fighting       | |  2.7
Stealth        | |  3.9

Action                   |  1- 3 |  4- 6 || total
-------------------------+-------+-------++-------
Melee: Short sword       |   110 |    55 ||   165
  Use: Scroll            |     7 |       ||     7
       Potion            |     1 |       ||     1
 Stab: Sleeping          |    11 |     2 ||    13
       Distracted        |     1 |       ||     1
Armor: Robe              |     7 |       ||     7
Dodge: Dodged            |    77 |    31 ||   108
